 Dungeon Crawl Stone Soup version 0.26.0-57-g60708a5e39 (webtiles) character file.

Game seed: 11568535087403144971

119 Gauvater the Firebug (level 5, 0/31 HPs)
             Began as an Octopode Fire Elementalist on Feb 1, 2021.
             Slain by Natasha (8 damage)
             ... on level 2 of the Dungeon.
             The game lasted 00:07:24 (2240 turns).

Gauvater the Firebug (Octopode Fire Elementalist)   Turns: 2240, Time: 00:07:24

Health: 0/31       AC:  1    Str:  7    XL:     5   Next: 3%
Magic:  0/9        EV: 13    Int: 18    God:
Gold:   77         SH:  0    Dex: 13    Spells: 9/10 levels left

rFire    . . .     SeeInvis .   (no weapon)
rCold    . . .     Faith    .   (no shield)
rNeg     . . .     Spirit   +   (helmet restricted)
rPois    .         Reflect  .   d - amulet of guardian spirit
rElec    .         Harm     .   (no ring)
rCorr    .         Rampage  .   (no ring)
Will     .....                  (no ring)
Stlth    +++.......             (no ring)
HPRegen  0.10/turn              (no ring)
MPRegen  0.11/turn              (no ring)
                                (no ring)
                                (no ring)

@: no status effects
A: almost no armour, stealthy swim, amphibious, 8 rings, constrict 8, camouflage
1, gelatinous body 1
a: no special abilities


You were on level 2 of the Dungeon.
You visited 1 branch of the dungeon, and saw 2 of its levels.

You collected 77 gold pieces.

Inventory:

Missiles
 e - a poisoned dart
Jewellery
 d - an amulet of guardian spirit (around mantle)
Scrolls
 a - a scroll of remove curse {unknown}
 b - 2 scrolls of amnesia {unknown}
 c - 3 scrolls of teleportation {unknown}
 h - 2 scrolls of identify {unknown}
Potions
 f - a potion of curing
 g - a potion of lignification {unknown}
 i - a potion of degeneration {unknown}


   Skills:
 + Level 0.1 Fighting
 - Level 2.0 Dodging
 - Level 2.8 Stealth
 + Level 3.1 Spellcasting
 + Level 2.3 Conjurations
 + Level 4.1 Fire Magic


You had 9 spell levels left.
You knew the following spells:

 Your Spells              Type           Power        Failure   Level
a - Foxfire               Conj/Fire      56%          4%          1

Your spell library contained the following spells:

 Spells                   Type           Power        Failure   Level
 Conjure Flame            Conj/Fire      14%          13%         3
 Inner Flame              Hex/Fire       10%          21%         3
 Sticky Flame             Conj/Fire      14%          38%         4
 Fireball                 Conj/Fire      7%           75%         5


Dungeon Overview and Level Annotations

Branches:
Dungeon (2/15)

Altars:
Nemelex Xobeh

Annotations:
D:2 Natasha


Innate Abilities, Weirdness & Mutations

You cannot wear most types of armour.
You are very stealthy in the water. (Stealth+)
You are amphibious.
You can wear up to eight rings at the same time.
You can use your tentacles to constrict eight enemies at once.
Your skin changes colour to match your surroundings (Stealth+).
Your rubbery body absorbs attacks. (AC +1, EV +1)


Message History

The foxfire hits Natasha.
Natasha is severely wounded.
The foxfire hits Natasha but does no damage.
Natasha is severely wounded.
Natasha drinks a potion.
Natasha is healed!
Casting: Foxfire (safe; 4% risk of failure)
Confirm with . or Enter, or press ? or * to list all spells.
You conjure some foxfire!
Natasha casts a spell at you. The magic dart hits you!
* * * LOW HITPOINT WARNING * * *
The foxfire hits Natasha.
Natasha is moderately wounded.
The foxfire hits Natasha.
Natasha is severely wounded.
Natasha misses you.
Casting: Foxfire (safe; 4% risk of failure)
Confirm with . or Enter, or press ? or * to list all spells.
You conjure some foxfire!
Natasha claws you!
You die...

#.#...#.#.#####.# #.
#.###.#.#.#####'### #########.
#.....#.#.##......# #.........
.....>#.#.##......# #.##......
####.##.#.##......# #.##....>.
...#......##......######.##......
##.####...#####'####.....######'#
......#.......#v####.........##.#
....#.#.......#.@...).######.##.#
)...#.#........h.v.........#.##..
...............######..#.#.#.####
###.#..####.##.#...#...#.(..>.#..
#...#.....#.#..#..##..#########.#
#.###.###.#.#......#..####.......
#.# #.# #.#.##.#...#.......)....#
#.# #.# #.#.##.#...#.#####.#####.
#.###.###.#.#......#.#####.#.# #.


You could see Natasha.

Vanquished Creatures
  Natasha (twice) (D:2)
  An adder (D:2)
  An ooze (D:1)
  3 dart slugs
  A leopard gecko (D:2)
  2 bats (D:2)
  5 giant cockroaches
  8 goblins
  4 hobgoblins
  5 jackals (D:2)
  5 kobolds
  3 quokkas (D:2)
  A frilled lizard (D:2)
  3 rats
44 creatures vanquished.

Vanquished Creatures (others)
  136 foxfires
136 creatures vanquished.

Grand Total: 180 creatures vanquished

Notes
Turn   | Place    | Note
-------+----------+-------------------------------------------
     0 | D:1      | Gauvater the Octopode Fire Elementalist began the quest for
                  | the Orb.
     0 | D:1      | Reached XP level 1. HP: 11/11 MP: 3/3
   103 | D:1      | Reached XP level 2. HP: 17/17 MP: 1/5
   457 | D:1      | Reached XP level 3. HP: 7/21 MP: 0/6
  1016 | D:2      | Found a sparkling altar of Nemelex Xobeh.
  1453 | D:2      | Noticed Natasha
  1456 | D:2      | Reached XP level 4. HP: 23/27 MP: 4/7
  1486 | D:2      | Killed Natasha
  1487 | D:2      | Reached skill level 4 in Fire Magic
  1718 | D:2      | Noticed Natasha
  1728 | D:2      | Killed Natasha
  1955 | D:2      | Reached XP level 5. HP: 31/31 MP: 7/9
  2231 | D:2      | Noticed Natasha
  2240 | D:2      | Slain by Natasha

Illustrated notes

Levels and vault maps discovered:
D:1:      ncdulo_halloftheorcs, layout_basic
D:2:      layout_basic, lemuel_doored_altar, uniq_natasha

Skill      XL: |  1  2  3  4 |
---------------+-------------+-----
Conjurations   | 2 |  2.3
Fire Magic     | 4 |  4.1
Spellcasting   | 3 |  3.1
Fighting       | |  0.1
Dodging        | |  2.0
Stealth        | |  2.8

Action                   |  1- 3 |  4- 6 || total
-------------------------+-------+-------++-------
Melee: Unarmed           |     3 |     1 ||     4
       Constrict         |     1 |       ||     1
 Cast: Foxfire           |    50 |    28 ||    78
Armor: Skin              |     5 |     1 ||     6
Dodge: Dodged            |    26 |    11 ||    37
